[Event "GER-chW Blitz 2019"]
[Site "Magdeburg"]
[Date "2019.05.25"]
[Round "10.3"]
[White "Kunze, Kerstin"]
[Black "Mader, Lena"]
[Result "1-0"]
[ECO "B19"]
[WhiteElo "2066"]
[BlackElo "1839"]
[Annotator "NA"]
[PlyCount "71"]
[EventDate "2019.05.25"]
[EventType "tourn"]
[EventCountry "GER"]
[SourceTitle "playchess.com"]
[Source "ChessBase"]
[SourceQuality "1"]
[TimeControl "180+2"]

1. e4 c6 2. d4 d5 3. Nc3 dxe4 4. Nxe4 Bf5 5. Ng3 Bg6 6. Nf3 Nd7 7. h4 h6 8. h5 Bh7 9. Bd3 Bxd3 10. Qxd3 Ngf6 11. Bd2 e6 12. O-O-O Be7 13. Rdg1 c5 14. Ne4 c4 15. Nxf6+ Bxf6 16. Qxc4 Rc8 17. Qd3 Qb6 18. Kb1 Nc5 19. Qa3 Ne4 20. Be3 Qc6 21. Rc1 Be7 22. Qd3 O-O 23. Ne5 Qd5 24. c4 Nc3+ 25. Rxc3 Qxg2 26. Rd1 a6 27. Qe2 Bf6 28. Qf3 Qh2 29. Nd7 Rfd8 30. Nxf6+ gxf6 31. Qxf6 Kh7 32. Bxh6 Rg8 33. Bf4 Qxh5 34. Rg3 Rg6 35. Qxf7+ Kh8 36. Qxg6 1-0

[Event "GER-chW Blitz 2019"]
[Site "Magdeburg"]
[Date "2019.05.25"]
[Round "10.4"]
[White "Kreismann, Franziska"]
[Black "Braje, Monika"]
[Result "0-1"]
[ECO "D08"]
[WhiteElo "1589"]
[BlackElo "1781"]
[Annotator "NA"]
[PlyCount "82"]
[EventDate "2019.05.25"]
[EventType "tourn"]
[EventCountry "GER"]
[SourceTitle "playchess.com"]
[Source "ChessBase"]
[SourceQuality "1"]
[TimeControl "180+2"]

1. d4 d5 2. c4 e5 3. dxe5 d4 4. Nf3 Nc6 5. Bf4 Be6 6. b3 Bb4+ 7. Nbd2 Qd7 8. a3 Bc3 9. Rc1 Bb2 10. Rc2 Bxa3 11. Nb1 Bb4+ 12. Bd2 Be7 13. Bf4 Bf5 14. Rd2 Bb4 15. g3 Bxd2+ 16. Nbxd2 Nge7 17. h4 O-O-O 18. Bh3 Bxh3 19. Ne4 Bg2 20. Nc5 Qe8 21. Rg1 Bxf3 22. exf3 b6 23. Nd3 Ng6 24. Bd2 Ngxe5 25. Nxe5 Qxe5+ 26. Kf1 Rhe8 27. Kg2 d3 28. Be3 h6 29. b4 Nxb4 30. Qa4 Qa5 31. Ra1 Qxa4 32. Rxa4 Kb7 33. Rxb4 d2 34. Bxd2 Rxd2 35. c5 Kc6 36. cxb6 axb6 37. Rc4+ Kb7 38. f4 Ree2 39. Kf3 Rxf2+ 40. Kg4 Rd3 41. Re4 Rff3 0-1

[Event "GER-chW Blitz 2019"]
[Site "Magdeburg"]
[Date "2019.05.25"]
[Round "10.5"]
[White "Daemering, Katrin"]
[Black "Schulze, Lara"]
[Result "0-1"]
[ECO "A05"]
[WhiteElo "2003"]
[BlackElo "2160"]
[Annotator "NA"]
[PlyCount "154"]
[EventDate "2019.05.25"]
[EventType "tourn"]
[EventCountry "GER"]
[SourceTitle "playchess.com"]
[Source "ChessBase"]
[SourceQuality "1"]
[TimeControl "180+2"]

1. Nf3 Nf6 2. g3 b5 3. Bg2 Bb7 4. O-O e6 5. d3 Be7 6. e4 d6 7. Nc3 a6 8. h3 O-O 9. Be3 c5 10. Ne1 d5 11. exd5 Nxd5 12. Nxd5 Bxd5 13. Nf3 Nd7 14. Qd2 Bf6 15. c3 Qc7 16. Bf4 Qb7 17. Ne1 Bxg2 18. Nxg2 Rad8 19. Qe2 Rfe8 20. Rfe1 b4 21. Rac1 Qd5 22. Ne3 Qxa2 23. Ra1 Qb3 24. Nc4 bxc3 25. Ra3 Qb4 26. bxc3 Bxc3 27. Rc1 Bd4 28. Rxa6 e5 29. Bd2 Qb7 30. Ra2 Nf6 31. Rac2 Nd5 32. Ne3 Nb4 33. Bxb4 Qxb4 34. Rc4 Qb7 35. Nf5 Qd7 36. Qg4 g6 37. Nxd4 Qxg4 38. hxg4 cxd4 39. Re1 Kg7 40. Rc5 f6 41. Kg2 Kh6 42. Kf3 Kg5 43. Re4 Rb8 44. Rxd4 Rb3 45. Rdd5 Ra8 46. Ke4 Kxg4 47. Rd6 Ra4+ 48. Rc4 Rbb4 49. Rxf6 Rxc4+ 50. dxc4 Rxc4+ 51. Kxe5 g5 52. Rh6 Rc2 53. Rxh7 Rxf2 54. Rg7 Re2+ 55. Kd4 Rg2 56. Ke4 Rxg3 57. Rg6 Rg1 58. Ke3 Rf1 59. Ke2 Rf8 60. Ke3 Kh5 61. Rg7 Kh4 62. Rh7+ Kg3 63. Rg7 g4 64. Rh7 Kg2 65. Rg7 g3 66. Ke2 Kh2 67. Ke1 g2 68. Rh7+ Kg1 69. Rg7 Re8+ 70. Kd2 Re5 71. Kd1 Kf2 72. Rf7+ Kg3 73. Rg7+ Kf3 74. Rf7+ Kg4 75. Rg7+ Rg5 76. Rxg5+ Kxg5 77. Ke2 g1=Q 0-1

[Event "GER-chW Blitz 2019"]
[Site "Magdeburg"]
[Date "2019.05.25"]
[Round "10.6"]
[White "Sieber, Fiona"]
[Black "Kushka, Alena"]
[Result "0-1"]
[ECO "B32"]
[WhiteElo "2250"]
[BlackElo "2148"]
[Annotator "NA"]
[PlyCount "122"]
[EventDate "2019.05.25"]
[EventType "tourn"]
[EventCountry "GER"]
[SourceTitle "playchess.com"]
[Source "ChessBase"]
[SourceQuality "1"]
[TimeControl "180+2"]

1. e4 c5 2. Nf3 Nc6 3. d4 cxd4 4. Nxd4 Qb6 5. Nb3 Nf6 6. Be3 Qb4+ 7. N1d2 Nxe4 8. c3 Qa4 9. Bd3 Nxd2 10. Qxd2 d5 11. O-O e6 12. Qe2 Qh4 13. f4 Bd6 14. g3 Qe7 15. f5 exf5 16. Rae1 O-O 17. Qf3 Ne5 18. Qd1 Nxd3 19. Qxd3 Qe4 20. Qd2 Qc4 21. Nd4 Bd7 22. b3 Qc8 23. Bf4 Bxf4 24. Rxf4 Re8 25. Ref1 Re4 26. R4f3 Qc5 27. Kg2 Rae8 28. R1f2 g6 29. Qd3 Qe7 30. Nc2 Bc6 31. b4 a6 32. Nd4 Re3 33. Qd2 Rxf3 34. Rxf3 Qe4 35. Kg1 Qe1+ 36. Qxe1 Rxe1+ 37. Kf2 Ra1 38. Re3 Rxa2+ 39. Kf3 Kf8 40. Re5 f6 41. Re6 Kf7 42. Rd6 Ra3 43. Rd8 Rxc3+ 44. Ke2 Rc4 45. Nxc6 bxc6 46. Ra8 Rxb4 47. Rxa6 Rc4 48. Ra7+ Ke6 49. Rxh7 c5 50. Rc7 Rc2+ 51. Kd3 Rxh2 52. Rxc5 Rg2 53. Rc6+ Ke5 54. Rc8 Rxg3+ 55. Ke2 Kf4 56. Rd8 Ke4 57. Re8+ Kd4 58. Ra8 f4 59. Ra4+ Ke5 60. Kf2 Rb3 61. Ra8 g5 0-1

[Event "GER-chW Blitz 2019"]
[Site "Magdeburg"]
[Date "2019.05.25"]
[Round "10.7"]
[White "Osmanodja, Filiz"]
[Black "Ries, Jutta"]
[Result "1-0"]
[ECO "B03"]
[WhiteElo "2260"]
[BlackElo "2017"]
[Annotator "NA"]
[PlyCount "139"]
[EventDate "2019.05.25"]
[EventType "tourn"]
[EventCountry "GER"]
[SourceTitle "playchess.com"]
[Source "ChessBase"]
[SourceQuality "1"]
[TimeControl "180+2"]

1. e4 Nf6 2. e5 Nd5 3. d4 d6 4. c4 Nb6 5. exd6 cxd6 6. Nc3 g6 7. Be3 Bg7 8. Rc1 O-O 9. Nf3 Bg4 10. h3 Bxf3 11. Qxf3 Nc6 12. Qd1 d5 13. c5 Nc4 14. b3 Nxe3 15. fxe3 e5 16. dxe5 d4 17. exd4 Nxd4 18. Ne2 Bxe5 19. Nxd4 Bxd4 20. Be2 Qh4+ 21. Kd2 Rad8 22. Kc2 Bxc5 23. Bd3 Qf2+ 24. Kb1 Rd6 25. Qc2 Qxc2+ 26. Bxc2 Ba3 27. Rcd1 Rfd8 28. Rxd6 Rxd6 29. Rd1 Rf6 30. Rd8+ Kg7 31. Rd1 Rf2 32. g4 Rf3 33. Rh1 b5 34. h4 Rf4 35. Rg1 Kf6 36. g5+ Ke5 37. Re1+ Kd4 38. h5 Rg4 39. Rd1+ Kc5 40. hxg6 hxg6 41. Rf1 Rxg5 42. Bd1 f5 43. Rf2 Rg1 44. Kc2 Kb6 45. Re2 Bc5 46. Re6+ Kb7 47. Bf3+ Kc7 48. Rc6+ Kd7 49. Rxc5 Rf1 50. Be2 Rf2 51. Kd1 a6 52. Rd5+ Kc6 53. Re5 Kd6 54. Re8 f4 55. Rg8 f3 56. Rxg6+ Kc5 57. Bd3 Rxa2 58. Rf6 f2 59. Bb1 Rb2 60. Bc2 Kb4 61. Rxf2 a5 62. Kc1 Ra2 63. Kb1 Ka3 64. Rf5 Rb2+ 65. Kc1 a4 66. bxa4 bxa4 67. Rf3+ Ka2 68. Bf5 Re2 69. Bb1+ Ka1 70. Ra3+ 1-0

[Event "GER-chW Blitz 2019"]
[Site "Magdeburg"]
[Date "2019.05.25"]
[Round "10.8"]
[White "Michna, Marta"]
[Black "Lubbe, Melanie"]
[Result "1/2-1/2"]
[ECO "A45"]
[WhiteElo "2355"]
[BlackElo "2278"]
[Annotator "NA"]
[PlyCount "117"]
[EventDate "2019.05.25"]
[EventType "tourn"]
[EventCountry "GER"]
[SourceTitle "playchess.com"]
[Source "ChessBase"]
[SourceQuality "1"]
[TimeControl "180+2"]

1. d4 Nf6 2. c3 g6 3. Nf3 Bg7 4. h3 d6 5. Bf4 b6 6. Nbd2 Bb7 7. Qc2 Nbd7 8. e4 O-O 9. Be2 Re8 10. O-O e5 11. dxe5 dxe5 12. Be3 Nh5 13. Rfe1 Nf4 14. Bf1 Nc5 15. Bxc5 bxc5 16. Nc4 Qf6 17. Kh2 Rad8 18. Rad1 Qe6 19. Na5 Ba6 20. Rxd8 Rxd8 21. Rd1 Rxd1 22. Qxd1 Bxf1 23. Qxf1 Qd6 24. Nc4 Qd3 25. Qxd3 Nxd3 26. Kg1 f6 27. g3 Bh6 28. Kf1 Bc1 29. b3 Nb2 30. Nxb2 Bxb2 31. c4 Kf7 32. Ke2 Ke6 33. Ne1 f5 34. f3 Bd4 35. Nd3 Kd6 36. g4 fxe4 37. fxe4 Bg1 38. Kf3 Bd4 39. h4 Ke6 40. g5 Kd6 41. Kg4 Ke6 42. h5 Kd6 43. Ne1 Ke6 44. Nf3 Be3 45. Ne1 Kf7 46. Nf3 Bf4 47. h6 Ke6 48. Nh4 Kf7 49. Ng2 Bd2 50. Nh4 Bc3 51. Nf3 Bb2 52. Ne1 Bd4 53. Nd3 Ke6 54. a3 Kd6 55. Ne1 Ke6 56. Nf3 Bc3 57. Nh4 Kf7 58. Ng2 Bd4 59. Nh4 1/2-1/2

[Event "GER-chW Blitz 2019"]
[Site "Magdeburg"]
[Date "2019.05.25"]
[Round "10.9"]
[White "Muetsch, Annmarie"]
[Black "Fuchs, Judith"]
[Result "0-1"]
[ECO "B15"]
[WhiteElo "2266"]
[BlackElo "2218"]
[Annotator "NA"]
[PlyCount "52"]
[EventDate "2019.05.25"]
[EventType "tourn"]
[EventCountry "GER"]
[SourceTitle "playchess.com"]
[Source "ChessBase"]
[SourceQuality "1"]
[TimeControl "180+2"]

1. e4 c6 2. d4 d5 3. Nd2 dxe4 4. Nxe4 Nf6 5. Nxf6+ exf6 6. c3 Bd6 7. Bd3 O-O 8. Qc2 Re8+ 9. Ne2 h5 10. Be3 Nd7 11. O-O-O Nf8 12. Kb1 Be6 13. Ng3 g6 14. Bh6 f5 15. Ne2 Qc7 16. Qd2 Bd5 17. f3 b5 18. Nf4 Rab8 19. Nxd5 cxd5 20. g4 fxg4 21. fxg4 h4 22. Bg5 b4 23. cxb4 Bxb4 24. Qc1 Qb6 25. b3 a5 26. Bf6 Qxf6 0-1

[Event "GER-chW Blitz 2019"]
[Site "Magdeburg"]
[Date "2019.05.25"]
[Round "10.10"]
[White "Siegl, Melina"]
[Black "Kotyk, Valeriya"]
[Result "1-0"]
[ECO "C00"]
[WhiteElo "2029"]
[BlackElo "1739"]
[Annotator "NA"]
[PlyCount "69"]
[EventDate "2019.05.25"]
[EventType "tourn"]
[EventCountry "GER"]
[SourceTitle "playchess.com"]
[Source "ChessBase"]
[SourceQuality "1"]
[TimeControl "180+2"]

1. e4 e6 2. Nf3 d5 3. e5 c5 4. c3 Nc6 5. d4 Qb6 6. Be2 cxd4 7. cxd4 Bb4+ 8. Nc3 Bd7 9. O-O Bf8 10. a3 Nge7 11. Qd2 Nf5 12. Rd1 Be7 13. b4 a6 14. Na4 Qa7 15. Nc5 Rd8 16. Bb2 O-O 17. Bd3 Nh4 18. Nxh4 Bxh4 19. Qf4 Be7 20. Qg4 g6 21. h4 Rfe8 22. h5 Bf8 23. Bc1 Ne7 24. Bg5 Bb5 25. Bc2 b6 26. Nd3 Rc8 27. Rac1 Nf5 28. Nf4 Be7 29. Bf6 Bf8 30. hxg6 fxg6 31. Nxg6 hxg6 32. Qxg6+ Bg7 33. g4 Nxd4 34. Rxd4 Bd7 35. Qxg7# {[%emt 0:00:03] Ra8} 1-0

[Event "GER-chW Blitz 2019"]
[Site "Magdeburg"]
[Date "2019.05.25"]
[Round "10.11"]
[White "Hofmann, Karina"]
[Black "Silz, Elisa"]
[Result "0-1"]
[ECO "A02"]
[WhiteElo "1700"]
[BlackElo "1977"]
[Annotator "NA"]
[PlyCount "88"]
[EventDate "2019.05.25"]
[EventType "tourn"]
[EventCountry "GER"]
[SourceTitle "playchess.com"]
[Source "ChessBase"]
[SourceQuality "1"]
[TimeControl "180+2"]

1. f4 Nf6 2. Nf3 g6 3. e3 Bg7 4. Nc3 d5 5. b3 O-O 6. Bb2 c5 7. d4 Nc6 8. dxc5 e6 9. a3 Re8 10. Bd3 Ng4 11. Qd2 e5 12. fxe5 Ncxe5 13. O-O-O Nxd3+ 14. Qxd3 Nf2 15. Qxd5 Qxd5 16. Nxd5 Bxb2+ 17. Kxb2 Nxh1 18. Rxh1 Be6 19. Nc7 Rac8 20. Nxe8 Rxe8 21. Nd4 Bd5 22. Re1 Bxg2 23. Re2 Be4 24. c4 Rc8 25. b4 Bd3 26. Rd2 Bxc4 27. Kc3 Bd5 28. Nf5 gxf5 29. Rxd5 Re8 30. Kd4 Re4+ 31. Kd3 Rh4 32. b5 Rxh2 33. c6 bxc6 34. bxc6 Rh1 35. Rc5 Rd1+ 36. Ke2 Rd8 37. Rxf5 Rc8 38. Rc5 Kf8 39. Kd3 Ke7 40. Kc4 Kd6 41. Kb5 a6+ 42. Kb6 Rb8+ 43. Ka7 Kxc5 44. Kxb8 Kxc6 0-1

[Event "GER-chW Blitz 2019"]
[Site "Magdeburg"]
[Date "2019.05.25"]
[Round "10.12"]
[White "Birkholz, Olga"]
[Black "Rath, Alina"]
[Result "1-0"]
[ECO "D00"]
[WhiteElo "2031"]
[BlackElo "2042"]
[Annotator "NA"]
[PlyCount "74"]
[EventDate "2019.05.25"]
[EventType "tourn"]
[EventCountry "GER"]
[SourceTitle "playchess.com"]
[Source "ChessBase"]
[SourceQuality "1"]
[TimeControl "180+2"]

1. d4 d5 2. Nc3 e6 3. Bf4 c5 4. e3 Nf6 5. Bd3 a6 6. Nf3 Nc6 7. O-O Bd6 8. Bg3 O-O 9. a4 h6 10. b3 cxd4 11. exd4 Bxg3 12. hxg3 Rb8 13. Re1 Qc7 14. Qd2 Bd7 15. Nd1 b5 16. axb5 axb5 17. Nc3 b4 18. Na4 Bc8 19. Rac1 Qa7 20. c4 bxc3 21. Qxc3 Nb4 22. Bb1 Ba6 23. Nc5 Bc8 24. Ne5 Na6 25. Nc6 Qb6 26. Nxb8 Nxb8 27. b4 Na6 28. Nd3 Bd7 29. Qb2 Bb5 30. Nc5 Bc4 31. Nxa6 Qxa6 32. Re3 Rb8 33. Ra3 Qb6 34. Bd3 Bxd3 35. Rxd3 Qxb4 36. Rc8+ Rxc8 37. Qxb4 Rc1+ 1-0

[Event "GER-chW Blitz 2019"]
[Site "Magdeburg"]
[Date "2019.05.25"]
[Round "11.1"]
[White "Rath, Alina"]
[Black "Roesler, Hannah Clara Hed"]
[Result "1-0"]
[ECO "D35"]
[WhiteElo "2042"]
[BlackElo "1619"]
[Annotator "NA"]
[PlyCount "49"]
[EventDate "2019.05.25"]
[EventType "tourn"]
[EventCountry "GER"]
[SourceTitle "playchess.com"]
[Source "ChessBase"]
[SourceQuality "1"]
[TimeControl "180+2"]

1. c4 e6 2. Nc3 d5 3. d4 Nf6 4. e3 Bb4 5. Nf3 O-O 6. Bd3 Ne4 7. Qc2 f5 8. O-O Bxc3 9. bxc3 c5 10. Ba3 b6 11. dxc5 Nxc5 12. Rad1 Ba6 13. Bxc5 bxc5 14. cxd5 exd5 15. Bxa6 Nxa6 16. c4 Nb4 17. Qb3 Rb8 18. cxd5 Kh8 19. d6 Nc6 20. Qd5 Nb4 21. Qxc5 Nxa2 22. Ne5 Nb4 23. Qc4 Rf6 24. Nf7+ Rxf7 25. Qxf7 1-0

[Event "GER-chW Blitz 2019"]
[Site "Magdeburg"]
[Date "2019.05.25"]
[Round "11.2"]
[White "Silz, Elisa"]
[Black "Birkholz, Olga"]
[Result "1-0"]
[ECO "A40"]
[WhiteElo "1977"]
[BlackElo "2031"]
[Annotator "NA"]
[PlyCount "69"]
[EventDate "2019.05.25"]
[EventType "tourn"]
[EventCountry "GER"]
[SourceTitle "playchess.com"]
[Source "ChessBase"]
[SourceQuality "1"]
[TimeControl "180+2"]

1. d4 g6 2. c4 Bg7 3. Nc3 f5 4. Nf3 d6 5. g3 Nf6 6. Bg2 O-O 7. O-O Qe8 8. d5 e5 9. dxe6 Bxe6 10. Nd5 Na6 11. Ng5 Bxd5 12. cxd5 Nc5 13. Be3 Nfe4 14. Bxc5 Nxc5 15. b4 Bxa1 16. Qxa1 Ne4 17. Ne6 Rf7 18. f3 Nd2 19. Rd1 Nc4 20. Qc3 Ne5 21. f4 Ng4 22. e4 c6 23. exf5 gxf5 24. Ng5 Rg7 25. Re1 Re7 26. Ne6 Rc8 27. h3 Nh6 28. Qf6 Qg6 29. Qxe7 Qxg3 30. Ng5 Qh4 31. Qxh7+ Kf8 32. Qh8+ Ng8 33. Qxh4 Kg7 34. Qh7+ Kf8 35. Qf7# 1-0

[Event "GER-chW Blitz 2019"]
[Site "Magdeburg"]
[Date "2019.05.25"]
[Round "11.3"]
[White "Kotyk, Valeriya"]
[Black "Hofmann, Karina"]
[Result "0-1"]
[ECO "A40"]
[WhiteElo "1739"]
[BlackElo "1700"]
[Annotator "NA"]
[PlyCount "92"]
[EventDate "2019.05.25"]
[EventType "tourn"]
[EventCountry "GER"]
[SourceTitle "playchess.com"]
[Source "ChessBase"]
[SourceQuality "1"]
[TimeControl "180+2"]

1. d4 b6 2. c4 Bb7 3. Nc3 g6 4. e4 Bg7 5. Be3 e6 6. Nf3 Ne7 7. Nd2 c5 8. d5 Bxc3 9. bxc3 e5 10. Bd3 d6 11. O-O Nd7 12. a4 a5 13. Bh6 Qc7 14. Rb1 O-O-O 15. Qg4 Kb8 16. Bg5 f6 17. Bh6 Rhg8 18. Qe6 Rde8 19. Qh3 g5 20. Be2 Rg6 21. Bg4 Bc8 22. Nb3 Ka7 23. Rb2 Nb8 24. f3 Ng8 25. Bxg5 Rxg5 26. Rfb1 Bxg4 27. fxg4 Nd7 28. Qf3 h5 29. gxh5 Nh6 30. Nd2 Reg8 31. Nf1 Ng4 32. h3 Nh6 33. Ne3 Qd8 34. Kh2 Qf8 35. Nf5 Nxf5 36. exf5 Qg7 37. g4 Qh7 38. Rc2 R8g7 39. Rcb2 Re7 40. Qe4 Qh6 41. Rf2 Rgg7 42. Qc2 Qe3 43. Rd1 e4 44. Qd2 Qxd2 45. Rdxd2 e3 46. Rde2 exf2 0-1

[Event "GER-chW Blitz 2019"]
[Site "Magdeburg"]
[Date "2019.05.25"]
[Round "11.4"]
[White "Fuchs, Judith"]
[Black "Siegl, Melina"]
[Result "1-0"]
[ECO "A81"]
[WhiteElo "2218"]
[BlackElo "2029"]
[Annotator "NA"]
[PlyCount "41"]
[EventDate "2019.05.25"]
[EventType "tourn"]
[EventCountry "GER"]
[SourceTitle "playchess.com"]
[Source "ChessBase"]
[SourceQuality "1"]
[TimeControl "180+2"]

1. d4 f5 2. g3 d6 3. Bg2 g6 4. h4 Nf6 5. Nc3 Bg7 6. Nh3 O-O 7. Ng5 h6 8. Nh3 Kh7 9. Bf4 Qe8 10. Qd2 e5 11. Be3 Ng4 12. dxe5 dxe5 13. Bc5 Rf7 14. O-O-O b6 15. Bxa8 bxc5 16. Bf3 Nf6 17. Qd8 Qe6 18. Nd5 e4 19. Ng5+ hxg5 20. hxg5+ Nh5 21. Bxh5 1-0

[Event "GER-chW Blitz 2019"]
[Site "Magdeburg"]
[Date "2019.05.25"]
[Round "11.5"]
[White "Lubbe, Melanie"]
[Black "Muetsch, Annmarie"]
[Result "1/2-1/2"]
[ECO "A45"]
[WhiteElo "2278"]
[BlackElo "2266"]
[Annotator "NA"]
[PlyCount "105"]
[EventDate "2019.05.25"]
[EventType "tourn"]
[EventCountry "GER"]
[SourceTitle "playchess.com"]
[Source "ChessBase"]
[SourceQuality "1"]
[TimeControl "180+2"]

1. d4 Nf6 2. Nc3 d5 3. Bf4 a6 4. e3 e6 5. g4 Bb4 6. a3 Bxc3+ 7. bxc3 Ne4 8. Ne2 Qh4 9. Ng3 Nxc3 10. Qd2 Ne4 11. Nxe4 dxe4 12. Bxc7 Qxg4 13. Be2 Qf5 14. Rg1 g5 15. Bg4 Qg6 16. Qb4 Nc6 17. Qc5 Qf6 18. Rb1 h5 19. Be2 g4 20. Bf4 Qf5 21. Qb6 Qa5+ 22. Qxa5 Nxa5 23. Be5 Rg8 24. h3 f5 25. c4 Nc6 26. Bf4 Ne7 27. Kd2 Ng6 28. hxg4 hxg4 29. Bg3 Rh8 30. Rh1 Kf7 31. Rxh8 Nxh8 32. Kc3 Ng6 33. d5 exd5 34. cxd5 b5 35. Kd4 Bb7 36. Bd1 Ke7 37. Bb3 Kd7 38. Rc1 Rc8 39. Rxc8 Bxc8 40. Kc5 Bb7 41. d6 Nf8 42. Bf7 Ne6+ 43. Bxe6+ Kxe6 44. Kb6 Bc8 45. Kc7 Bd7 46. Kb6 Bc8 47. Kc7 Bd7 48. Kd8 Bc6 49. Kc7 Bd7 50. Kb6 Bc8 51. Kc7 Bd7 52. Kb6 Bc8 53. Kc7 {[%emt 0:00:03] Ke5} 1/2-1/2

[Event "GER-chW Blitz 2019"]
[Site "Magdeburg"]
[Date "2019.05.25"]
[Round "11.6"]
[White "Ries, Jutta"]
[Black "Michna, Marta"]
[Result "1/2-1/2"]
[ECO "A02"]
[WhiteElo "2017"]
[BlackElo "2355"]
[Annotator "NA"]
[PlyCount "62"]
[EventDate "2019.05.25"]
[EventType "tourn"]
[EventCountry "GER"]
[SourceTitle "playchess.com"]
[Source "ChessBase"]
[SourceQuality "1"]
[TimeControl "180+2"]

1. f4 d6 2. Nf3 Nf6 3. b3 g6 4. Bb2 Bg7 5. e3 O-O 6. Be2 c6 7. O-O a5 8. c4 Nbd7 9. Nc3 Re8 10. d4 Qc7 11. Qd2 Nb6 12. e4 a4 13. e5 Nfd7 14. Ne4 Nf8 15. Bd3 d5 16. Ng3 e6 17. c5 Nbd7 18. b4 a3 19. Bc3 b6 20. Rab1 h6 21. Rfc1 Ba6 22. Bxa6 Rxa6 23. Qd3 Rea8 24. Nd2 h5 25. Ne2 Nh7 26. Nb3 Bh6 27. Bd2 bxc5 28. bxc5 Qd8 29. Rf1 Nhf8 30. Be3 Ra4 31. Nd2 Rb8 1/2-1/2

[Event "GER-chW Blitz 2019"]
[Site "Magdeburg"]
[Date "2019.05.25"]
[Round "11.7"]
[White "Kushka, Alena"]
[Black "Osmanodja, Filiz"]
[Result "0-1"]
[ECO "E20"]
[WhiteElo "2148"]
[BlackElo "2260"]
[Annotator "NA"]
[PlyCount "96"]
[EventDate "2019.05.25"]
[EventType "tourn"]
[EventCountry "GER"]
[SourceTitle "playchess.com"]
[Source "ChessBase"]
[SourceQuality "1"]
[TimeControl "180+2"]

1. d4 Nf6 2. c4 e6 3. Nc3 Bb4 4. f3 d5 5. a3 Bxc3+ 6. bxc3 O-O 7. cxd5 exd5 8. e3 c5 9. Bd3 Re8 10. Ne2 Nc6 11. O-O Ne7 12. e4 cxd4 13. cxd4 dxe4 14. fxe4 Bg4 15. Be3 Ned5 16. Bg5 Nc3 17. Bxf6 gxf6 18. Qd2 Bxe2 19. Qxc3 Rc8 20. Qxc8 Qxd4+ 21. Kh1 Rxc8 22. Bxe2 Qxe4 23. Bf3 Qe7 24. Rfe1 Qc5 25. Bxb7 Rb8 26. Bf3 Rb2 27. Rec1 Qe3 28. Re1 Qf4 29. Re4 Qf5 30. Rae1 h5 31. R4e3 Qa5 32. Be4 Rb3 33. Bf3 Rxe3 34. Rxe3 Qd2 35. Re8+ Kg7 36. h3 Qc1+ 37. Kh2 Qxa3 38. Bxh5 Qd6+ 39. Kh1 Qc6 40. Re1 a5 41. Bf3 Qc3 42. Re4 Qa1+ 43. Kh2 a4 44. Rg4+ Kf8 45. Rb4 a3 46. Rb8+ Kg7 47. Ra8 a2 48. Ra5 Qe5+ 0-1

[Event "GER-chW Blitz 2019"]
[Site "Magdeburg"]
[Date "2019.05.25"]
[Round "11.8"]
[White "Schulze, Lara"]
[Black "Sieber, Fiona"]
[Result "1-0"]
[ECO "C55"]
[WhiteElo "2160"]
[BlackElo "2250"]
[Annotator "NA"]
[PlyCount "69"]
[EventDate "2019.05.25"]
[EventType "tourn"]
[EventCountry "GER"]
[SourceTitle "playchess.com"]
[Source "ChessBase"]
[SourceQuality "1"]
[TimeControl "180+2"]

1. e4 e5 2. Nf3 Nc6 3. Bc4 Nf6 4. d3 Be7 5. Nc3 O-O 6. a3 d6 7. O-O Nd7 8. Nd5 Nb6 9. Ba2 Bg4 10. h3 Be6 11. b4 Qd7 12. Be3 Kh8 13. d4 exd4 14. Nxd4 Ne5 15. Qe2 Bxd5 16. Bxd5 c6 17. Bb3 Bf6 18. Rad1 Rae8 19. Nf5 Nc8 20. Bc5 Be7 21. Nxe7 Qxe7 22. Bd4 f5 23. exf5 Rxf5 24. f4 Ng6 25. Qxe7 Ncxe7 26. g3 c5 27. Bf2 Nc6 28. Rxd6 cxb4 29. axb4 Nxb4 30. Bxa7 Re2 31. Rf2 Re1+ 32. Kg2 Ra1 33. Rd8+ Rf8 34. Rxf8+ Nxf8 35. Bc5 1-0

[Event "GER-chW Blitz 2019"]
[Site "Magdeburg"]
[Date "2019.05.25"]
[Round "11.9"]
[White "Braje, Monika"]
[Black "Daemering, Katrin"]
[Result "0-1"]
[ECO "B21"]
[WhiteElo "1781"]
[BlackElo "2003"]
[Annotator "NA"]
[PlyCount "114"]
[EventDate "2019.05.25"]
[EventType "tourn"]
[EventCountry "GER"]
[SourceTitle "playchess.com"]
[Source "ChessBase"]
[SourceQuality "1"]
[TimeControl "180+2"]

1. e4 c5 2. d4 cxd4 3. c3 d3 4. Bxd3 d6 5. Nf3 Nc6 6. h3 g6 7. Qe2 Bg7 8. O-O Nf6 9. Bf4 O-O 10. Rd1 e5 11. Bh2 Qb6 12. Na3 Be6 13. b3 Rac8 14. Ng5 Bd7 15. Nc4 Qc7 16. Rac1 h6 17. Nf3 Be6 18. Ne3 Rfd8 19. c4 Qe7 20. Nd5 Qe8 21. Bb1 Kh7 22. Nd2 Nd4 23. Qe3 Nd7 24. Kh1 Bxd5 25. exd5 f5 26. Re1 Qf7 27. Nf3 Nxf3 28. Qxf3 Nc5 29. b4 Nd7 30. a3 e4 31. Qe2 Ne5 32. Red1 Re8 33. Qe3 Nxc4 34. Qxa7 Ra8 35. Qxa8 Rxa8 36. Rxc4 Be5 37. Bg1 Rd8 38. Rdc1 Rd7 39. Bc2 Qf6 40. Ba4 Re7 41. Rc8 Bb2 42. R1c2 Bxa3 43. R8c7 Bxb4 44. Rxe7+ Qxe7 45. Rb2 Bc5 46. Bh2 b6 47. Bf4 Qf7 48. Bc6 Qf6 49. Ra2 g5 50. Bd2 Qd4 51. Be1 Qd3 52. Kh2 Bd4 53. Ra7+ Kg6 54. Be8+ Kf6 55. Bb4 Be5+ 56. g3 Bd4 57. Kg2 Qf3+ {[%emt 0:00:01] Kh1 Ke5+} 0-1

[Event "GER-chW Blitz 2019"]
[Site "Magdeburg"]
[Date "2019.05.25"]
[Round "11.10"]
[White "Mader, Lena"]
[Black "Kreismann, Franziska"]
[Result "0-1"]
[ECO "E62"]
[WhiteElo "1839"]
[BlackElo "1589"]
[Annotator "NA"]
[PlyCount "70"]
[EventDate "2019.05.25"]
[EventType "tourn"]
[EventCountry "GER"]
[SourceTitle "playchess.com"]
[Source "ChessBase"]
[SourceQuality "1"]
[TimeControl "180+2"]

1. c4 g6 2. Nc3 Bg7 3. g3 Nf6 4. Bg2 O-O 5. Nf3 d6 6. O-O Nc6 7. d4 Bg4 8. d5 Bxf3 9. dxc6 Bxc6 10. Bxc6 bxc6 11. e4 e5 12. Be3 c5 13. h3 a6 14. Kg2 Re8 15. Qc2 c6 16. Rfd1 Qc7 17. Rd2 Rad8 18. Rad1 Re6 19. b3 a5 20. Bxc5 Ne8 21. Na4 Rd7 22. Bb6 Qb7 23. Bxa5 Qa6 24. Bc3 c5 25. Nxc5 Qc6 26. Nxe6 fxe6 27. Bb4 Bf8 28. Rd3 Qc7 29. Qd2 Qc6 30. f3 Kh8 31. Bc3 Qc5 32. Qf2 Qc6 33. a4 Qb6 34. b4 Qc7 35. a5 Qxc4 0-1

[Event "GER-chW Blitz 2019"]
[Site "Magdeburg"]
[Date "2019.05.25"]
[Round "11.11"]
[White "Zimmer, Elke"]
[Black "Kunze, Kerstin"]
[Result "0-1"]
[ECO "C55"]
[WhiteElo "1926"]
[BlackElo "2066"]
[Annotator "NA"]
[PlyCount "64"]
[EventDate "2019.05.25"]
[EventType "tourn"]
[EventCountry "GER"]
[SourceTitle "playchess.com"]
[Source "ChessBase"]
[SourceQuality "1"]
[TimeControl "180+2"]

1. e4 e5 2. Nf3 Nc6 3. Bc4 Nf6 4. d3 Be7 5. Nc3 O-O 6. O-O d6 7. h3 h6 8. Be3 Na5 9. Bb3 Be6 10. Qd2 b6 11. Nd5 Nxb3 12. Nxe7+ Qxe7 13. axb3 d5 14. exd5 Bxd5 15. Qe2 Nh5 16. Nd2 Qh4 17. Ne4 f5 18. c4 Bc6 19. Nd2 f4 20. Bd4 f3 21. Qxe5 fxg2 22. Qe6+ Kh7 23. Rfe1 Qxh3 24. Qxh3 Nf4 25. Qg4 Ng6 26. Re6 Be8 27. Rxg6 Bxg6 28. Qe6 Rad8 29. Qe7 Rde8 30. Qxc7 Bxd3 31. Kxg2 Rd8 32. Nf3 Rg8 0-1